 Dungeon Sprint DCSS version 0.31-a0-1576-ga3383bade6 (webtiles) character file.

Game seed: 12451103489744709396

9046 sircluck the Brawler (level 11, -1/192 HPs)
             Began as a Troll Berserker on Jan 4, 2024.
             Was a Priest of Trog.
             Slain by a ghost moth (14 damage)
             ... in the Dungeon (Sprint IV: "Fedhas' Mad Dash").
             The game lasted 00:08:11 (2094 turns).

sircluck the Brawler (Troll Berserker)              Turns: 2094, Time: 00:08:11

Health: -1/192     AC:  5    Str: 29      XL:     11   Next: 17%
Magic:  0/10       EV: 14    Int:  2 (3)  God:    Trog [***...]
Gold:   136        SH:  0    Dex: 11      Spells: 10/10 levels left

rFire   . .          .
                       - Unarmed
rCold   . . .        (no shield)
rNeg    . . .        a - +0 animal skin
rPois   .            (helmet restricted)
rElec   .            l - +0 cloak
rCorr   .            (gloves unavailable)
SInv    .            (boots unavailable)
Will    .....        h - amulet of invisibility {+Inv} Stlth
                     (no ring)
HPRegen 1.32/turn    (no ring)
MPRegen 0.12/turn

%: no teleportation
@: berserking, lethally poisoned (-1 -> -2), very quick
A: large, unfitting armour, claws 3, regeneration 1, shaggy fur 1, tough skin 1
a: Renounce Religion, Evoke Invisibility, Berserk, Trog's Hand


You were in the Dungeon.
You worshipped Trog.
Trog was most pleased with you.
You visited 1 branch You collected 233 gold pieces.
You spent 97 gold pieces at shops.

Inventory:

Missiles
 n - 6 stones
Armour
 a - a +0 animal skin (worn)
 l - a +0 cloak (worn)
Jewellery
 h - the amulet of invisibility (around neck) {+Inv}
   (You found it in the Dungeon)

   [amulet of nothing]

   +Inv:      It lets you turn invisible.
Wands
 j - a wand of light (13)
Scrolls
 i - a scroll of vulnerability {unknown}
 k - a scroll of immolation {unknown}
 m - a scroll of fog {unknown}
Potions
 b - a potion of curing
 c - a potion of heal wounds
 d - a potion of haste
 e - 2 potions of magic
 f - a potion of berserk rage
Miscellaneous
 o - a sack of spiders


   Skills:
 + Level 13.9 Fighting
 + Level 13.7 Dodging
 + Level 16.1 Unarmed Combat


You had 10 spell levels left.
You didn't know any spells.
Your spell library was empty.

Dungeon Overview and Level Annotations

Branches:
Dungeon (1/1)

Altars:
Cheibriados
Dithmenos
Elyvilon
Gozag
Hepliaklqana
Kikubaaqudgha
Makhleb
Nemelex Xobeh
Okawaru
Qazlal
Ru
Sif Muna
Trog
Uskayaw
Vehumet
Wu Jian
Xom
Yredelemnul
Zin
The Shining One
Jiyva
Lugonu

Shops:
D *(([(:*(?[[


Innate Abilities, Weirdness & Mutations

You are too large for most types of armour.
You have claws for hands.
Your natural rate of healing is unusually fast.
You are covered in fur. (AC +1)
You have tough skin. (AC +1)


Message History

Your polar bear barely misses the hornet.
Unknown command.
Unknown command.
You miss something. Your claw misses something.
The hornet stings your polar bear.
Your polar bear is poisoned.
Your polar bear suddenly stops moving!
The demonic crawler hits you! The demonic crawler barely misses you.
The demonic crawler hits you!
* * * LOW HITPOINT WARNING * * *
Unknown command.
Unknown command.
You eviscerate the demonic crawler!!! You claw the demonic crawler.
The demonic crawler is severely wounded.
You feel sick. The hornet stings your polar bear.
Your polar bear looks as sick as possible!
You feel you are being watched by something.
Something hits you!
* * * LOW HITPOINT WARNING * * *
Something barely misses you. Something stings you.
* * * LOW HITPOINT WARNING * * *
You claw the demonic crawler!
The demonic crawler is almost dead.
The demonic crawler hits you!
* * * LOW HITPOINT WARNING * * *
The demonic crawler hits you!
* * * LOW HITPOINT WARNING * * *
The demonic crawler closely misses you.
The hornet stings your polar bear but does no damage.
You mangle the demonic crawler!!
You kill the demonic crawler!
Trog accepts your kill.
You feel sick. Something hits you but does no damage. Something hits you!
* * * LOW HITPOINT WARNING * * *
You feel dopey.
Something stings you but does no damage.
You feel your strength returning.
Your Unarmed Combat skill increases to level 16!
You eviscerate something!!! The hornet stings your polar bear!
Something hits you!
You die...

...♣.......†'†..#._._._._._.⌠.###
......♣.....#...#################
.....♣..♣..######♣♣♣♣♣.)♣)###.'..
#'####'######.)'......♣..♣##:.#))
).#....'.......#♣..♣♣♣.♣..###.##'
..#.|###.......#.♣♣.:♣...♣'...#♣.
###############################..
..............h.......# ###..♣.
∩.............y{@.....#####...♣).
∩...................P....).....♣.
∩...................P...#########
##########+############## *******
*,,,,,,,,,,* ***,,*****,,,∩∩*
*,,,,,,,,,,* *,,,,+,,,,,,,,,*
***,,,,,,*** *,,,,*****,,,,,+
***,,,** **,,,,* *******
*,,,,****,,,,,*****∩∩∩*,,


You could see a hornet (distracted, ally target) and a friendly polar bear
(summoned, berserk, paralysed, extremely poisoned).

Vanquished Creatures
  Agnes (D)
  A spriggan defender (D)
  2 demonic crawlers (D)
  A spriggan berserker (D)
  5 oklob plants (D)
  2 burning bushes (D)
  A queen bee (D)
  2 hornets (D)
  3 wandering mushrooms (D)
  3 scorpions (D)
  4 killer bees (D)
  5 oklob saplings (D)
  7 spriggans (D)
  A river rat (D)
  A rat (D)
39 creatures vanquished.

Vanquished Creatures (collateral kills)
  A spriggan druid (D)
  An oklob plant (D)
  A burning bush (D)
3 creatures vanquished.

Vanquished Creatures (others)
  2 ballistomycete spores (D)
2 creatures vanquished.

Grand Total: 44 creatures vanquished

Notes
Turn   | Place    | Note
-------+----------+-------------------------------------------
     0 | D        | sircluck the Troll Berserker began the quest for the Orb.
     0 | D        | Reached XP level 1. HP: 22/22 MP: 0/0
    18 | D        | Reached XP level 2. HP: 9/31 MP: 1/1
    46 | D        | Noticed an oklob sapling
    71 | D        | Killed an oklob sapling
    71 | D        | Reached ** piety under Trog
    72 | D        | Reached skill level 4 in Unarmed Combat
    72 | D        | Reached XP level 3. HP: 39/39 MP: 2/2
    73 | D        | Noticed a scorpion
    73 | D        | Found the amulet of invisibility {+Inv}
    76 | D        | Killed a scorpion
    77 | D        | Reached skill level 5 in Unarmed Combat
    77 | D        | Reached XP level 4. HP: 35/49 MP: 3/3
   135 | D        | Reached skill level 5 in Fighting
   135 | D        | Reached skill level 5 in Dodging
   135 | D        | Reached skill level 6 in Unarmed Combat
   148 | D        | Found an opulent altar of Gozag.
   148 | D        | Found a hazy altar of Hepliaklqana.
   148 | D        | Found a burning altar of Makhleb.
   148 | D        | Found a sparkling altar of Nemelex Xobeh.
   148 | D        | Found a snail-covered altar of Cheibriados.
   148 | D        | Found a sacrificial altar of Ru.
   148 | D        | Found a shimmering blue altar of Sif Muna.
   148 | D        | Found a shimmering altar of Xom.
   148 | D        | Found a basalt altar of Yredelemnul.
   149 | D        | Found a viscous altar of Jiyva.
   149 | D        | Found a bloodstained altar of Trog.
   149 | D        | Found an ornate altar of the Wu Jian Council.
   150 | D        | Found an iron altar of Okawaru.
   150 | D        | Found a glowing silver altar of Zin.
   150 | D        | Found a shadowy altar of Dithmenos.
   151 | D        | Found an ancient bone altar of Kikubaaqudgha.
   151 | D        | Found a hide-covered altar of Uskayaw.
   152 | D        | Found a stormy altar of Qazlal.
   152 | D        | Found a glowing golden altar of the Shining One.
   152 | D        | Found a white marble altar of Elyvilon.
   153 | D        | Found a corrupted altar of Lugonu.
   153 | D        | Found a radiant altar of Vehumet.
   159 | D        | Reached *** piety under Trog
   160 | D        | Reached XP level 5. HP: 59/59 MP: 4/4
   173 | D        | Reached skill level 7 in Unarmed Combat
   468 | D        | Reached XP level 6. HP: 68/68 MP: 5/5
   471 | D        | Reached **** piety under Trog
   472 | D        | Reached skill level 8 in Unarmed Combat
   619 | D        | Found Robein's Weapon Shop.
   619 | D        | Found Eniteb's Antique Armour Emporium.
   626 | D        | Noticed a burning bush
   626 | D        | Noticed a wandering mushroom
   627 | D        | Noticed a wandering mushroom
   665 | D        | Killed a wandering mushroom
   688 | D        | Killed a wandering mushroom
   689 | D        | Reached skill level 9 in Unarmed Combat
   689 | D        | Reached XP level 7. HP: 62/80 MP: 6/6
   725 | D        | Killed a burning bush
   726 | D        | Reached skill level 10 in Unarmed Combat
   866 | D        | Found Beitahirch's Magic Scroll Emporium.
   866 | D        | Found Irogiam's Antique Weapon Shoppe.
   873 | D        | Bought a scroll of revelation for 97 gold pieces
   881 | D        | Found Joakatz's Antique Armour Emporium.
   881 | D        | Found Nuruciw's Antique Armour Shoppe.
   881 | D        | Noticed a spriggan rider
   881 | D        | Noticed an oklob plant
   881 | D        | Noticed a spriggan
   881 | D        | Noticed a demonic crawler
   881 | D        | Noticed a spriggan
   881 | D        | Noticed an oklob plant shifter
   881 | D        | Noticed an oklob plant summoner
   942 | D        | Noticed a queen bee
   978 | D        | Reached ***** piety under Trog
  1002 | D        | Reached XP level 8. HP: 89/92 MP: 7/7
  1009 | D        | Killed a queen bee
  1010 | D        | Reached skill level 11 in Unarmed Combat
  1077 | D        | Noticed an oklob plant
  1080 | D        | Killed an oklob plant
  1080 | D        | Received a gift from Trog
  1081 | D        | Reached skill level 10 in Fighting
  1095 | D        | Noticed a burning bush
  1101 | D        | Killed a burning bush
  1102 | D        | Reached skill level 10 in Dodging
  1102 | D        | Reached skill level 12 in Unarmed Combat
  1111 | D        | Noticed a burning bush
  1111 | D        | Noticed an oklob plant
  1113 | D        | Noticed a wandering mushroom
  1146 | D        | Killed a wandering mushroom
  1147 | D        | Reached XP level 9. HP: 95/102 MP: 8/8
  1152 | D        | Killed a burning bush
  1167 | D        | Killed an oklob plant
  1168 | D        | Reached skill level 13 in Unarmed Combat
  1234 | D        | Noticed a spriggan druid
  1237 | D        | Killed a spriggan druid
  1248 | D        | Noticed an oklob plant conjurer
  1324 | D        | Killed an oklob plant conjurer
  1414 | D        | Killed an oklob plant
  1415 | D        | Reached XP level 10. HP: 115/115 MP: 9/9
  1418 | D        | Killed an oklob plant summoner
  1419 | D        | Reached skill level 14 in Unarmed Combat
  1421 | D        | Killed an oklob plant shifter
  1566 | D        | Killed a demonic crawler
  1626 | D        | Identified the +6 double sword "Basiwol" {flame, rCorr
                  | Dex-4 SInv} (Trog gifted it to you in the Dungeon)
  1626 | D        | Received a gift from Trog
  1692 | D        | Noticed Agnes
  1697 | D        | Noticed an elephant
  1698 | D        | Noticed a spriggan berserker
  1708 | D        | Killed a spriggan berserker
  1709 | D        | Reached skill level 15 in Unarmed Combat
  1711 | D        | Killed Agnes
  1787 | D        | Found Jokkifat's Book Emporium.
  1789 | D        | Found Folol's Assorted Antiques.
  1790 | D        | Noticed a spriggan defender
  1806 | D        | Killed a spriggan defender
  1807 | D        | Reached XP level 11. HP: 61/127 MP: 10/10
  1882 | D        | Noticed a spriggan rider
  2076 | D        | Noticed a demonic crawler
  2077 | D        | Found Oduer's Assorted Antiques.
  2077 | D        | Found Risarghoo's Weapon Boutique.
  2077 | D        | Found Wasieck's Weapon Emporium.
  2093 | D        | Killed a demonic crawler
  2094 | D        | Reached skill level 16 in Unarmed Combat
  2094 | D        | Slain by a ghost moth

Illustrated notes

Levels and vault maps discovered:
D:        dungeon_sprint_fedhas [sprint_temple]

Skill      XL: |  1  2  3  4  5  6  7  8  9 10 11 |
---------------+----------------------------------+-----
Fighting       | 3 4 5 6 8 9 10 11 13 | 13.9
Dodging        | 3 4 5 6 8 10 11 13 | 13.7
Unarmed Combat | 4 5 6 7 9 10 12 13 15 16 | 16.1

Action                     |  1- 3 |  4- 6 |  7- 9 | 10-12 || total
---------------------------+-------+-------+-------+-------++-------
  Melee: Unarmed           |    16 |    27 |    38 |    72 ||   153
         Punch             |     1 |     2 |     2 |     5 ||    10
 Invoke: Berserk           |       |     1 |     1 |     5 ||     7
         Brothers in Arms  |       |       |     3 |     4 ||     7
         Trog's Hand       |       |       |       |     1 ||     1
Ability: Evoke Invisibilit |       |     1 |     1 |     1 ||     3
    Use: Scroll            |       |       |     1 |     1 ||     2
   Stab: Sleeping          |       |     1 |       |       ||     1
         Invisible         |       |       |       |     1 ||     1
 Armour: Animal skin       |    16 |    11 |    43 |    61 ||   131
  Dodge: Dodged            |     5 |    12 |    22 |    39 ||    78

Table legend: (Time is in decaauts)
 A = Elapsed time spent in this place.
 B = Non-inter-level travel time spent in this place.
 C = Inter-level travel time spent in this place.
 D = Time resting spent in this place.
 E = Time spent auto-exploring this place.
 F = Levels seen in this place.
 G = Mean time per level.
                   A        B        C        D        E       F      G
               +--------+--------+--------+--------+--------+-----+--------+
         Total |   2121 |   2121 |      0 |   1199 |    131 |   1 | 2121.0 |
       Dungeon |   2121 |   2121 |      0 |   1199 |    131 |   1 | 2121.0 |
               +--------+--------+--------+--------+--------+-----+--------+

Top non-repeatable levels by time:
       D: 2121 daAuts
